 Dungeon Crawl Stone Soup version 0.29-a0-559-g359e09b9d1 (webtiles) character file.

Game seed: 1989950281908212808

4 spiderkeys the Ducker (level 1, -2/13 HPs)
             Began as a Deep Elf Abyssal Knight on June 10, 2022.
             Was a Believer of Lugonu.
             Slain by a frilled lizard (3 damage)
             ... on level 1 of the Dungeon.
             The game lasted 00:00:40 (75 turns).

spiderkeys the Ducker (Deep Elf Abyssal Knight)       Turns: 75, Time: 00:00:41

Health: -2/13      AC:  3    Str: 10    XL:     1   Next: 50%
Magic:  4/4        EV: 12    Int: 14    God:    Lugonu [**....]
Gold:   0          SH:  0    Dex: 15    Spells: 0/0 levels left

rFire   . . .      SeeInvis .   a - +1 short sword
rCold   . . .      Faith    .   (no shield)
rNeg    . . .      Spirit   .   b - +0 leather armour
rPois   .          Reflect  .   (no helmet)
rElec   .          Harm     .   (no cloak)
rCorr   .          Rampage  .   (no gloves)
Will    .....                   (no boots)
Stlth   +.........              (no amulet)
HPRegen 0.04/turn               (no ring)
MPRegen 0.09/turn               (no ring)

@: lethally poisoned (-2 -> -8)
A: no striking features
a: Renounce Religion, Depart the Abyss, Bend Space


You were on level 1 of the Dungeon.
You worshipped Lugonu.
Lugonu was pleased with you.
You visited 1 branch of the dungeon, and saw 1 of its levels.
You visited the Abyss 1 time.


   Skills:
 + Level 2.4 Fighting
 + Level 2.0 Short Blades
 - Level 0.7 Armour
 + Level 2.5 Dodging
 + Level 0.4 Spellcasting
 + Level 2.1 Invocations


You couldn't memorise any spells.
You didn't know any spells.
Your spell library was empty.

Inventory:

Hand Weapons
 a - a +1 short sword (weapon)
 c - a +2 dagger of venom
   (You took it off a goblin on level 1 of the Dungeon)
Armour
 b - a +0 leather armour (worn)

Dungeon Overview and Level Annotations

Branches:
Dungeon (1/15)

Altars:

## #. .# #. #.# # #. ...
# #####.########.#.# #
...............#.# #
##.#b#..#######.# #
#...l@.......##.######
....#.K####.............
. #.# ##....#..#.### #.g
#....#..#.... #.
#....#..#.... ##
#.......#.###
#.....###### .....#.#
####.#.#


You could see a goblin (wandering), a bat, a kobold and a frilled lizard.


Message History

🤖 Initializing magus.rc ...
Options error: Bad monster_list_colour key: strict_neutral (~/.crawlrc:5438) Bad channel name for runrest: 'pray:' ✅ Successfully initialized magus.rc [v1.11.3] Welcome, spiderkeys the Deep Elf Abyssal Knight.
Will you be the one to retrieve the fabled Orb of Zot from the depths?
Lugonu says: Depart the Abyss and spread corruption, my servant! (use the ability menu to exit the Abyss) Press ? for a list of commands and other information.
Found a corrupted altar of Lugonu.
Found a gateway leading deeper into the Abyss.
Found a gateway leading out of the Abyss.
There is a gateway leading out of the Abyss here.
You pass through the gate.
There is a staircase leading out of the dungeon here.
You open the large door.
An endoplasm comes into view.
The endoplasm quivers.
You hit the endoplasm. The endoplasm barely misses you.
You hit the endoplasm.
You kill the endoplasm!
Lugonu accepts your kill.
There is a large open door here.
A bat comes into view.
The bat misses you.
You closely miss the bat. The bat barely misses you.
The bat hits you but does no damage.
You hit the bat. The bat hits you. The bat barely misses you. 😕 HP[-1]
You take 1 damage, and now have 12/13 hp.
You miss the bat. The bat misses you. The bat closely misses you.
You hit the bat but do no damage. The bat misses you.
The bat closely misses you.
You miss the bat. The bat hits you. 😕 HP[-1]
You take 1 damage, and now have 11/13 hp.
The bat barely misses you. The bat hits you but does no damage.
You closely miss the bat. The bat barely misses you.
The bat hits you but does no damage. The bat hits you. 😕 HP[-1]
You take 1 damage, and now have 10/13 hp.
The bat barely misses you. The bat hits you but does no damage.
You barely miss the bat. The bat barely misses you. The bat closely misses you.
The bat hits you but does no damage. The bat closely misses you.
The bat hits you but does no damage.
A goblin comes into view. It is wielding a +2 dagger of venom.
The goblin shouts!
The bat misses you.
The goblin moves out of view.
The bat hits you but does no damage.
A frilled lizard comes into view.
The bat hits you but does no damage.
You hit the bat. The bat hits you but does no damage.
A bat comes into view.
You hit the bat.
You kill the bat!
Lugonu accepts your kill.
You hit the goblin.
A kobold comes into view. It is wielding a +0 short sword.
The goblin hits you with a +2 dagger of venom.
You are lethally poisoned! 😮 HP[-3]
You take 3 damage, and now have 7/13 hp.
MASSIVE DAMAGE!! (PAUSE)
The kobold shouts!
You puncture the goblin!
You kill the goblin!
Lugonu accepts your kill.
* * * LOW HITPOINT WARNING * * *
You feel very sick. The bat barely misses you. 😨 HP[-3]
You take 3 damage, and now have 4/13 hp.
MASSIVE DAMAGE!! (PAUSE)
You aren't carrying any potions.
* * * LOW HITPOINT WARNING * * *
You feel sick. The bat hits you.
* * * LOW HITPOINT WARNING * * *
The frilled lizard completely misses you.
Things that are here:
a +2 dagger of venom; a goblin corpse; 😱 HP[-3]
You take 3 damage, and now have 1/13 hp.
MASSIVE DAMAGE!! (PAUSE)
c - a +2 dagger of venom
* * * LOW HITPOINT WARNING * * *
You feel sick. The bat barely misses you.
A goblin comes into view. It is wielding a +0 dagger.
The frilled lizard bites you.
You die...

Action                   || total
-------------------------++-------
Melee: Short sword       ||    13
Armor: Leather armour    ||     9
Dodge: Dodged            ||    18

Levels and vault maps discovered:
D:1:      lemuel_arrival_behind_the_door_large, layout_basic,
          minmay_close_crescents

Notes
Turn   | Place    | Note
-------+----------+-------------------------------------------
     0 | Abyss:1  | spiderkeys the Deep Elf Abyssal Knight began the quest for
                  | the Orb.
     0 | Abyss:1  | Reached XP level 1. HP: 13/13 MP: 4/4
     0 | Abyss:1  | magus.rc [v1.11.3]
    21 | D:1      | You pass through the gate.
    21 | D:1      | Escaped the Abyss
    74 | D:1      | HP: 2/13 [poisoned by a goblin]
    75 | D:1      | Slain by a frilled lizard

Vanquished Creatures
  A bat (D:1)
  An endoplasm (D:1)
  A goblin (D:1)
3 creatures vanquished.

Table legend:
 A = Non-vault XP
 B = Vault XP
 C = Vault XP percentage of total XP
 D = Non-vault monster count
 E = Vault monster count
 F = Vault count percentage of total count
                 A         B        C        D         E       F
            +---------+---------+-------+---------+---------+-------
      Total |       4 |       2 |  33.3 |       2 |       1 |  33.3
            +---------+---------+-------+---------+---------+-------
        D:1 |       4 |       2 |  33.3 |       2 |       1 |  33.3
            +---------+---------+-------+---------+---------+-------

Illustrated notes

Table legend:
 A = Kills in this place as a percentage of kills in entire the game.
 B = Kills by you in this place as a percentage of kills by you in the entire game.
 C = Kills by friends in this place as a percentage of kills by friends in the entire game.
 D = Other kills in this place as a percentage of other kills in the entire game.
 E = Experience gained in this place as a percentage of experience gained in the entire game.
 F = Experience gained in this place divided by the number of levels of this place that you have seen.
                   A       B       C       D       E      F
               +-------+-------+-------+-------+-------+----------------------
         Total | 100.0 | 100.0 |   N/A |   N/A | 100.0 |   3.0
       Dungeon | 100.0 | 100.0 |   N/A |   N/A | 100.0 |   6.0
               +-------+-------+-------+-------+-------+----------------------

Table legend: (Time is in decaauts)
 A = Elapsed time spent in this place.
 B = Non-inter-level travel time spent in this place.
 C = Inter-level travel time spent in this place.
 D = Time resting spent in this place.
 E = Time spent auto-exploring this place.
 F = Levels seen in this place.
 G = Mean time per level.
                   A        B        C        D        E       F      G
               +--------+--------+--------+--------+--------+-----+--------+
         Total |     74 |     74 |      0 |      0 |     23 |   2 |   37.0 |
       Dungeon |     53 |     53 |      0 |      0 |     23 |   1 |   53.0 |
         Abyss |     21 |     21 |      0 |      0 |      0 |   1 |   21.0 |
               +--------+--------+--------+--------+--------+-----+--------+

Top non-repeatable levels by time:
     D:1: 53 daAuts
 Abyss:1: 21 daAuts
